AoeStats
← joysiar

Arena

508085975Analyzed
4v4 RM · 11d ago on Sep 20, 2026· 27m 10s· 8 players
Game mode
Random Map
Map size
Large (8 player)
Population
200
Speed
Normal
Resources
Standard
Victory
Conquest
Starting age
Dark Age
Ending age
Imperial Age
RankedLock teamsTeams togetherTeam positionsShared explorationLock speedFull tech treeHidden civsTurbo modeCheats
Victory
Defeat
🇺🇸 Jurchens · United States
753
+8
🇨🇱 Poles · Chile
741
+8
🇨🇴 Gurjaras · Colombia
440
+20
🇲🇽 Persians · Mexico
399
+22
🇨🇷 Goths · Costa Rica
611
-17
🇪🇸 Persians · Spain
554
-15
🇲🇽 Bohemians · Mexico
528
-14
🇲🇽 Teutons · Mexico
499
-12
Wilson Winston
11:05 Feudal Age
19:13 Bloodlines
18:55 Double-Bit Axe
24:58 Castle Age
23:03 Horse Collar
Bobuster
0:26 Loom
12:11 Feudal Age
17:10 Castle Age
17:01 Wheelbarrow
18:53 Horse Collar
19:51 Heavy Plow
23:47 Double-Bit Axe
robertosminor89
0:37 Loom
12:04 Feudal Age
13:24 Wheelbarrow
12:57 Double-Bit Axe
13:46 Town Watch
15:40 Horse Collar
24:44 Castle Age
23:20 Forging
25:17 Padded Archer Armor
25:07 Fletching
27:11 Leather Archer Armor
26:52 Bodkin Arrow
27:49 Hand Cart
joysiar
0:56 Loom
14:26 Feudal Age
15:04 Horse Collar
15:13 Double-Bit Axe
26:35 Castle Age
25:45 Arson
26:50 Fletching
matiassboss
3:02 Loom
14:59 Feudal Age
15:23 Horse Collar
15:32 Double-Bit Axe
15:39 Gold Mining
15:39 Stone Mining
16:47 Wheelbarrow
17:20 Scale Barding Armor
21:22 Castle Age
21:04 Bloodlines
21:34 Forging
22:24 Bow Saw
22:16 Heavy Plow
24:44 Stone Shaft Mining
23:36 Light Cavalry
25:35 Town Watch
26:15 Chain Barding Armor
26:30 Iron Casting
28:01 Iron Casting
JustintimeHi
13:10 Feudal Age
15:17 Loom
18:05 Castle Age
20:37 Double-Bit Axe
21:50 Bow Saw
22:30 Wheelbarrow
21:58 Town Watch
25:07 Gold Mining
MONSEkatish
1:28 Loom
11:50 Feudal Age
13:36 Double-Bit Axe
17:10 Wheelbarrow
16:23 Horse Collar
16:38 Gold Mining
21:51 Castle Age
24:49 Heavy Plow
jcalderon.n
1:33 Loom
15:29 Feudal Age
16:43 Double-Bit Axe
16:42 Horse Collar
17:59 Wheelbarrow
17:30 Gold Mining
21:54 Stone Mining
24:50 Castle Age
25:40 Padded Archer Armor
25:31 Fletching
25:50 Scale Barding Armor
26:05 Hand Cart
26:58 Stone Shaft Mining
27:01 Gold Shaft Mining
Connection lost

Rejoining the realm…

Still unreachable

The connection could not be restored.

Session expired

The server has moved on; the page needs a fresh start.